 Dungeon Crawl Stone Soup version 0.30-a0-857-gcaf70739d4 (webtiles) character file.

Game seed: 1863087446753157597

240 cforsyth the Magician (level 5, -4/28 HPs)
             Began as a Deep Elf Earth Elementalist on Mar 5, 2023.
             Slain by a gnoll
             ... wielding a +0 halberd
              (15 damage)
             ... on level 4 of the Dungeon.
             The game lasted 00:02:56 (3074 turns).

cforsyth the Magician (Deep Elf Earth Elementalist) Turns: 3074, Time: 00:02:56

Health: -4/28      AC:  3    Str:  5    XL:     5   Next: 79%
Magic:  10/13      EV: 13    Int: 22    God:
Gold:   180        SH:  0    Dex: 15    Spells: 12/13 levels left

rFire   . . .      SeeInvis .    (no weapon)
rCold   . . .      Faith    .    (no shield)
rNeg    . . .      Spirit   .    a - +0 robe
rPois   .          Reflect  .    c - +0 helmet
rElec   .          Rampage  .    (no cloak)
rCorr   .                        (no gloves)
Will    .....                    (no boots)
Stlth   +++                      (no amulet)
HPRegen 0.24/turn                (no ring)
MPRegen 0.13/turn                (no ring)

@: no status effects
A: no striking features
a: no special abilities


You were on level 4 of the Dungeon.
You visited 1 branch of the dungeon, and saw 4 of its levels.

You collected 180 gold pieces.

Inventory:

Armour
 a - a +0 robe (worn)
 c - a +0 helmet (worn)
Scrolls
 d - a scroll of amnesia {unknown}
 e - 3 scrolls of identify {unknown}
 f - 2 scrolls of vulnerability {unknown}
 h - a scroll of magic mapping {unknown}
 k - 4 scrolls of teleportation {unknown}
 l - 2 scrolls of immolation {unknown}
 n - a scroll of poison {unknown}
 p - a scroll of enchant weapon {unknown}
 q - a scroll of summoning {unknown}
Potions
 b - 2 potions of magic
 g - 2 potions of curing {unknown}
 i - a potion of experience {unknown}
 j - a potion of heal wounds {unknown}
 m - a potion of haste {unknown}
 o - a potion of might {unknown}
 r - a potion of brilliance {unknown}


   Skills:
 + Level 3.9 Dodging
 + Level 4.1 Stealth
 + Level 4.5 Spellcasting
 + Level 2.9 Transmutations
 + Level 4.3 Earth Magic


You had 12 spell levels left.
You knew the following spells:

 Your Spells              Type           Power      Damage    Failure   Level
a - Sandblast             Erth           48%        2d12      1%          1

Your spell library contained the following spells:

 Spells                   Type           Power      Damage    Failure   Level
 Passwall                 Tmut/Erth      17%        N/A       3%          2
 Stone Arrow              Conj/Erth      28%        3d8       13%         3
 Ignite Poison            Fire/Tmut/Pois 9%         N/A       22%         3
 Petrify                  Tmut/Erth      21%        N/A       24%         4
 Sticky Flame             Conj/Fire      4%         2d3       71%         4
 Ignition                 Fire           2%         3d3       100%        8


Dungeon Overview and Level Annotations

Branches:
Dungeon (4/15)
 Temple: D:4-7

Altars:
Kikubaaqudgha
Nemelex Xobeh

Shops:
D:2 *   D:3 (


Message History

The blast of sand hits the gnoll!
The gnoll is severely wounded.
The gnoll hits you from afar with a +0 spear. x2
The blast of sand hits the gnoll!
You kill the gnoll!
You can't see any susceptible monsters within range! (Use Z to cast anyway.) HP restored.
Magic restored.
Items here: ))) †.
r - a red potion A hobgoblin comes into view.
The hobgoblin shouts!
A hobgoblin is nearby!
A hobgoblin is nearby!
A hobgoblin is nearby!
The blast of sand misses the hobgoblin.
You miscast Sandblast.
You are very lightly contaminated with residual magic.
Nothing appears to happen.
The hobgoblin completely misses you.
The blast of sand hits the hobgoblin!!
You kill the hobgoblin!
Your magical contamination has completely faded away.
You see here a hobgoblin corpse.
You see here a hobgoblin corpse.
A gnoll comes into view. It is wielding a +0 halberd.
A gnoll is nearby!
A gnoll is nearby!
A gnoll is nearby!
The blast of sand hits the gnoll.
The gnoll is moderately wounded.
The gnoll shouts!
You hear a shout!
An ogre comes into view. It is wielding a +0 giant club.
The blast of sand hits the gnoll!
The gnoll is almost dead.
The gnoll hits you from afar with a +0 halberd.
The blast of sand hits the gnoll but does no damage.
The gnoll is almost dead.
The gnoll hits you from afar with a +0 halberd! x2
Ouch! That really hurt!
You die...

#.. #. #.##.# ...
#.##.# ##.. #.##.#
.....#########....#
.....#.......)...##
.........#######.#
....#...# #...#
...###.## #.###
....'Og.@#####.#
....####..†....# ..
#########


You could see an ogre and a gnoll.

Vanquished Creatures
  2 vampire bats (D:3)
  4 gnolls
  4 adders
  2 worms (D:2)
  A dart slug (D:2)
  5 orcs (D:3)
  5 bats
  2 bat skeletons (D:3)
  2 bat zombies (D:3)
  6 endoplasms
  8 giant cockroaches
  5 goblins
  6 hobgoblins
  A quokka (D:2)
  6 ball pythons
  A frilled lizard (D:1)
  5 kobolds
  4 rats
69 creatures vanquished.

Notes
Turn   | Place    | Note
-------+----------+-------------------------------------------
     0 | D:1      | cforsyth the Deep Elf Earth Elementalist began the quest
                  | for the Orb.
     0 | D:1      | Reached XP level 1. HP: 10/10 MP: 6/6
   245 | D:1      | Reached XP level 2. HP: 15/15 MP: 4/8
   566 | D:1      | Reached XP level 3. HP: 19/19 MP: 6/9
  1031 | D:2      | Found Korrocev's General Store.
  1041 | D:2      | Found a sparkling altar of Nemelex Xobeh.
  1467 | D:2      | Reached XP level 4. HP: 24/24 MP: 8/11
  1967 | D:3      | Found Xytoto's Antique Weapon Shoppe.
  2418 | D:3      | Found an ancient bone altar of Kikubaaqudgha.
  2421 | D:3      | Reached XP level 5. HP: 28/28 MP: 11/13
  3072 | D:4      | Noticed an ogre
  3074 | D:4      | Slain by a gnoll

Illustrated notes

Levels and vault maps discovered:
D:1:      eino_arrival_water_star, layout_basic, kennysheep_boxes
D:2:      minmay_angry_zag, layout_loops_ring, basic_altar, serial_shops, shop
D:3:      layout_basic, kennysheep_vampire_church, serial_shops, shop,
          chequers_hall_statues_corner_a, st_stairs_9
D:4:      cheibrodos_quashed, layout_basic, nrook_campfire

Skill      XL: |  1  2  3  4  5 |
---------------+----------------+-----
Stealth        | 3 4 |  4.1
Dodging        | 3 |  3.9
Transmutations | 2 |  2.9
Spellcasting   | 4 |  4.5
Earth Magic    | 4 |  4.3

Action                     |  1- 3 |  4- 6 || total
---------------------------+-------+-------++-------
   Cast: Sandblast         |    49 |    53 ||   102
 Armour: Robe              |     1 |     2 ||     3
  Dodge: Dodged            |     2 |    20 ||    22

Table legend: (Time is in decaauts)
 A = Elapsed time spent in this place.
 B = Non-inter-level travel time spent in this place.
 C = Inter-level travel time spent in this place.
 D = Time resting spent in this place.
 E = Time spent auto-exploring this place.
 F = Levels seen in this place.
 G = Mean time per level.
                   A        B        C        D        E       F      G
               +--------+--------+--------+--------+--------+-----+--------+
         Total |   3126 |   3016 |    110 |      0 |   2622 |   4 |  781.5 |
       Dungeon |   3126 |   3016 |    110 |      0 |   2622 |   4 |  781.5 |
               +--------+--------+--------+--------+--------+-----+--------+

Top non-repeatable levels by time:
     D:3: 1137 daAuts
     D:1: 988 daAuts
     D:2: 864 daAuts
     D:4: 135 daAuts
